 Dungeon Crawl Stone Soup version 0.25-a0-857-g60a0bcd8b5 (webtiles) character file.

Game seed: 8898982819295588141, levelgen mode: deterministic

1465 Error4North the Cleaver (level 8, 0/71 HPs)
             Began as a Hill Orc Fighter on Apr 26, 2020.
             Slain by a jackal (3 damage)
             ... on level 6 of the Dungeon.
             The game lasted 00:13:46 (5241 turns).

Error4North the Cleaver (Hill Orc Fighter)          Turns: 5241, Time: 00:13:46

Health: 0/71       AC: 10    Str: 23    XL:     8   Next: 77%
Magic:  8/8        EV:  9    Int:  8    God:
Gold:   264        SH: 11    Dex: 12    Spells: 7/7 levels left

rFire    . . .     SeeInvis .   a - +1 war axe
rCold    . . .     Gourm    .   c - +1 kite shield
rNeg     . . .     Faith    .   b - +0 scale mail
rPois    .         Spirit   .   v - +0 helmet
rElec    .         Reflect  .   (no cloak)
rCorr    .         Harm     .   x - +0 pair of gloves
MR       .....                  (no boots)
Stlth    ..........             (no amulet)
HPRegen  0.21/turn              h - +2 ring of dexterity
MPRegen  0.11/turn              u - +2 ring of strength

@: stab, flying
A: no striking features
a: no special abilities


You were on level 6 of the Dungeon.
You were near starving.

You visited 2 branches of the dungeon, and saw 7 of its levels.

You collected 264 gold pieces.

Inventory:

Hand Weapons
 a - a +1 war axe (weapon)
Missiles
 e - 2 boomerangs (quivered)
Armour
 b - a +0 scale mail (worn)
 c - a +1 kite shield (worn)
 v - a +0 helmet (worn)
 x - a +0 pair of gloves (worn)
Jewellery
 h - a +2 ring of dexterity (left hand)
 u - a +2 ring of strength (right hand)
 y - an uncursed ring of protection from fire {unknown}
Wands
 C - a wand of disintegration (9)
Scrolls
 k - 2 scrolls of teleportation {unknown}
 l - 5 scrolls of identify
 m - 3 scrolls of amnesia
 n - a scroll of remove curse
 r - a scroll of magic mapping
 s - 2 scrolls of blinking {unknown}
Potions
 i - a potion of curing
 j - a potion of resistance
 q - a potion of stabbing
Comestibles
 f - 7 rations


   Skills:
 * Level 6.6 Fighting
 + Level 8.3 Axes
 + Level 0.2 Throwing
 * Level 6.4 Armour
 + Level 1.6 Dodging
 + Level 0.3 Stealth
 * Level 5.9 Shields


You had 7 spell levels left.
You didn't know any spells.
Your spell library contained the following spells:

 Spells                   Type           Power        Failure   Level  Hunger
 Animate Skeleton         Necr           N/A          97%         1    ##.....
 Foxfire                  Conj/Fire      #...         97%         1    ##.....
 Pain                     Necr           #...         97%         1    ##.....
 Conjure Flame            Conj/Fire      #.......     100%        3    ####...
 Inner Flame              Hex/Fire       #.......     100%        3    ####...
 Vampiric Draining        Necr           #.........   100%        3    ####...
 Animate Dead             Necr           N/A          100%        4    #####..
 Sticky Flame             Conj/Fire      #.......     100%        4    #####..
 Agony                    Necr           #.......     100%        5    ######.
 Fireball                 Conj/Fire      #.........   100%        5    ######.


Dungeon Overview and Level Annotations

Branches:
Dungeon (6/15)             Temple (1/1) D:4

Altars:
Ashenzari
Cheibriados
Dithmenos
Fedhas
Gozag
Kikubaaqudgha
Makhleb
Nemelex Xobeh
Ru
Trog
Uskayaw
Vehumet
Wu Jian
Xom
Zin
The Shining One

Shops:
D:4 (

Annotations:
D:6 Sigmund


Message History

* * * LOW HITPOINT WARNING * * *
You feel ready to backstab. You block the jackal's attack.
The jackal closely misses you.
You feel better. You block the jackal's attack.
Sigmund points at you and mumbles some strange words.
The magic dart hits you.
* * * LOW HITPOINT WARNING * * *
You block the jackal's attack.
A hound zombie comes into view.
You slice the hound zombie!!
The hound zombie is almost destroyed.
You slice the jackal!!
You kill the jackal!
Sigmund points at you and mumbles some strange words.
The puff of flame hits you.
* * * LOW HITPOINT WARNING * * *
You block the hound zombie's attack.
The hound zombie bites you but does no damage. x2
The jackal bites you.
You die...

%...#*,,,,,*#........#.##.#
....#*,,,,,*###.#.####.#..#
.....,,,,,,* #.#......#@##
......,,,,,* #.########.#
##.s..,,,,,* #.#..Z...#.#
,.....,,,,,***#.#.@#.....#*
,*,,,,,,,,,+,,..#..#.#...<#
,*,,,,,,,,,***####.#h######
,,,,******** #.@h.#h# ,,,,*
#.####.#** ,,,,*
#.,,,...,** *****
##***###,,* **,* *,* *,*
*,* *,**


You could see a jackal.

Vanquished Creatures
  Pikel (D:6)
  A sky beast (D:5)
  3 ogres
  Blork the orc (D:6)
  A scorpion (D:5)
  A bullfrog zombie (D:6)
  2 hounds
  A jelly (D:5)
  An orc priest (D:4)
  2 centaur skeletons
  2 orc wizards
  2 iguanas
  A howler monkey zombie (D:6)
  Robin (D:3)
  4 gnolls (D:3)
  6 adders
  An ooze (D:4)
  3 worms
  A dart slug (D:3)
  3 leopard geckos
  8 orcs
  2 giant cockroaches
  14 goblins
  6 hobgoblins
  4 jackals (D:6)
  10 kobolds
  A quokka (D:4)
  2 ball pythons
  4 bats
  5 frilled lizards
  5 rats
99 creatures vanquished.

Vanquished Creatures (others)
  A centaur zombie (D:6)
1 creature vanquished.

Grand Total: 100 creatures vanquished

Notes
Turn   | Place    | Note
-------+----------+-------------------------------------------
     0 | D:1      | Error4North the Hill Orc Fighter began the quest for the
                  | Orb.
     0 | D:1      | Reached XP level 1. HP: 19/19 MP: 1/1
   210 | D:1      | Reached XP level 2. HP: 27/27 MP: 2/2
  1102 | D:2      | Reached skill level 3 in Axes
  1114 | D:2      | Reached XP level 3. HP: 33/33 MP: 3/3
  1600 | D:2      | Reached XP level 4. HP: 28/40 MP: 4/4
  2361 | D:3      | Noticed Robin
  2372 | D:3      | Killed Robin
  2372 | D:3      | Reached skill level 4 in Axes
  2630 | D:3      | Reached XP level 5. HP: 44/46 MP: 5/5
  3140 | D:4      | Found a burning altar of Makhleb.
  3226 | D:4      | Reached XP level 6. HP: 42/53 MP: 6/6
  3230 | D:4      | Reached skill level 5 in Axes
  3249 | D:4      | Found a staircase to the Ecumenical Temple.
  3265 | Temple   | Entered the Ecumenical Temple
  3757 | D:4      | Found a shimmering altar of Xom.
  3871 | D:4      | Found Silatwud's Weapon Shop.
  3960 | D:4      | Reached skill level 5 in Fighting
  3960 | D:4      | Reached skill level 5 in Armour
  4102 | D:5      | Entered Level 5 of the Dungeon
  4119 | D:5      | Found an opulent altar of Gozag.
  4133 | D:5      | Reached XP level 7. HP: 21/61 MP: 7/7
  4442 | D:5      | Reached skill level 6 in Axes
  4991 | D:5      | Found a sacrificial altar of Ru.
  5041 | D:6      | Noticed Pikel
  5062 | D:6      | Killed Pikel
  5062 | D:6      | Reached skill level 7 in Axes
  5062 | D:6      | Reached skill level 1 in Dodging
  5062 | D:6      | Reached skill level 5 in Shields
  5062 | D:6      | Reached XP level 8. HP: 70/70 MP: 8/8
  5125 | D:6      | Noticed Sigmund
  5134 | D:6      | Noticed Blork the orc
  5139 | D:6      | Reached skill level 8 in Axes
  5151 | D:6      | Killed Blork the orc
  5237 | D:6      | HP: 3/71 [Sigmund/puff of flame (6)]
  5241 | D:6      | Slain by a jackal

Levels and vault maps discovered:
D:1:      sevenhm_arrival_forest_fort_small_6, layout_basic
D:2:      layout_rooms
D:3:      layout_basic, uniq_robin
D:4:      layout_loops_ring, xom_teletrap_fun, lemuel_coloured_pillars_altar,
          minmay_temple_entry_wispy, serial_shops, nicolae_shop_behind_doors,
          first_ration
D:5:      layout_loops_ring, overflow_temple_1_default,
          nicolae_ru_path_of_blood, minivault_25
D:6:      layout_basic, kennysheep_little_box, cheibrodos_sewer_entry_bend,
          uniq_pikel, uniq_blork_the_orc, uniq_maggie, uniq_sigmund
Temple:   minmay_temple_forest_path

Skill      XL: |  1  2  3  4  5  6  7  8 |
---------------+-------------------------+-----
Axes           | 3 4 5 7 8 |  8.3
Fighting       | 4 5 6 |  6.6
Armour         | 4 5 6 |  6.4
Shields        | 4 5 |  5.9
Dodging        | 1 |  1.6
Throwing       | |  0.2
Stealth        | |  0.3

Action                   |  1- 3 |  4- 6 |  7- 9 || total
-------------------------+-------+-------+-------++-------
Melee: War axe           |   122 |   121 |    95 ||   338
Throw: Boomerang         |       |     9 |       ||     9
  Use: Scroll            |     2 |       |     6 ||     8
       Potion            |       |     2 |    10 ||    12
  Eat: Chunk             |     2 |     5 |     2 ||     9
       Ration            |       |     1 |       ||     1
Armor: Scale mail        |    54 |    43 |    74 ||   171
       Skin              |       |       |     2 ||     2
Dodge: Dodged            |    52 |    46 |    38 ||   136
Block: Kite shield       |    69 |    62 |    73 ||   204

Table legend:
 A = Non-vault XP
 B = Vault XP
 C = Vault XP percentage of total XP
 D = Non-vault monster count
 E = Vault monster count
 F = Vault count percentage of total count
                 A         B        C        D         E       F
            +---------+---------+-------+---------+---------+-------
      Total |    1302 |     792 |  37.8 |      86 |      14 |  14.0
            +---------+---------+-------+---------+---------+-------
        D:1 |      23 |       0 |   0.0 |      17 |       0 |   0.0
        D:2 |      65 |       0 |   0.0 |      18 |       0 |   0.0
        D:3 |      90 |      35 |  28.0 |      13 |      12 |  48.0
        D:4 |     319 |       0 |   0.0 |      14 |       0 |   0.0
        D:5 |     460 |       0 |   0.0 |      10 |       0 |   0.0
        D:6 |     345 |     757 |  68.7 |      14 |       2 |  12.5
            +---------+---------+-------+---------+---------+-------
